 Dungeon Crawl Stone Soup version 0.28.0-45-g0d030f2227 (webtiles) character file.

Game seed: 16126861282352223925

4977 issech the Poker (level 10, -3/100 HPs)
             Began as a Troll Monk on Apr 18, 2022.
             Slain by a water moccasin (5 damage)
             ... on level 7 of the Dungeon.
             The game lasted 00:31:58 (7614 turns).

issech the Poker (Troll Monk)                       Turns: 7614, Time: 00:31:59

Health: -3/100     AC:  6    Str: 21    XL:     10   Next: 29%
Magic:  27/27      EV: 12    Int:  6    God:
Gold:   1000       SH:  0    Dex: 16    Spells: 9/9 levels left

rFire   + . .      SeeInvis +   Q - +10 morningstar "Eos" {elec, Halo rElec}
rCold   . . .      Faith    .   (no shield)
rNeg    . . .      Spirit   .   P - +2 robe "Qoeruc" {MP+9 SInv}
rPois   .          Reflect  .   (helmet restricted)
rElec   +          Harm     .   (no cloak)
rCorr   .          Rampage  .   (gloves unavailable)
Will    .....                   (boots unavailable)
Stlth   +.........              C - amulet of magic regeneration
HPRegen 1.06/turn               i - ring of magical power
MPRegen 0.60/turn               W - ring of protection from fire

@: lethally poisoned (-3 -> -3), glowing
A: large, unfitting armour, claws 3, regeneration 1, shaggy fur 1, tough skin 1
a: no special abilities


You were on level 7 of the Dungeon.
You visited 2 branches of the dungeon, and saw 9 of its levels.
You also visited: Ossuary.

You collected 1000 gold pieces.

Inventory:

Hand Weapons
 a - a +0 mace
 e - a +0 hunting sling
 h - a +2 antimagic dagger
 s - a +0 giant spiked club of electrocution
 t - the +5 spear of the Glimmering Sybil {vorpal, rElec Str+4 Dex-3 Stlth+}
   (You took it off a kobold on level 2 of the Dungeon)

   It inflicts extra damage upon your enemies.
   Str:       It affects your strength (+4).
   Dex:       It affects your dexterity (-3).
   rElec:     It insulates you from electricity.
   Stlth:     It makes you more stealthy.
 z - a +2 trident of protection
 Q - the +10 morningstar "Eos" (weapon) {elec, Halo rElec}
   (You acquired it on level 6 of the Dungeon)

   It occasionally discharges a powerful burst of electricity upon striking a
   foe.
   It grants its wielder a halo, increasing accuracy against those within it.
   rElec:     It insulates you from electricity.
 S - a +2 short sword of freezing
 T - a +2 dire flail of protection
 V - the +4 spear "Gram" {flame, Dex+4}
   (You found it on level 7 of the Dungeon)

   It burns those it strikes, dealing additional fire damage.
   Dex:       It affects your dexterity (+4).
 X - a +3 flail
Missiles
 g - 47 bolts
 j - 132 arrows
 k - 13 sling bullets
 l - 198 stones (quivered)
 L - 7 poisoned darts
 N - 2 boomerangs
Armour
 b - a +0 robe
 n - a +0 animal skin
 P - the +2 robe "Qoeruc" (worn) {MP+9 SInv}
   (You found it on level 7 of the Dungeon)

   MP:        It affects your magic capacity (+9).
   SInv:      It lets you see invisible.
Jewellery
 i - a ring of magical power (left claw)
 C - an amulet of magic regeneration (around neck)
 W - a ring of protection from fire (right claw)
Wands
 y - a wand of acid (7)
 B - a wand of charming (5)
 U - a wand of polymorph (13)
Scrolls
 c - a scroll of enchant weapon
 d - a scroll of immolation
 f - 2 scrolls of holy word
 q - 2 scrolls of noise
 v - 3 scrolls of amnesia
 x - 7 scrolls of teleportation
 D - 2 scrolls of fear
 E - 3 scrolls of vulnerability
 K - a scroll of enchant armour
 R - a scroll of identify
Potions
 m - 11 potions of curing {unknown}
 o - a potion of cancellation {unknown}
 p - 3 potions of heal wounds {unknown}
 r - 3 potions of lignification {unknown}
 u - a potion of magic {unknown}
 w - 3 potions of haste {unknown}
 A - a potion of attraction {unknown}
 F - 2 potions of might {unknown}
 G - 2 potions of brilliance {unknown}
 H - a potion of flight {unknown}
 I - a potion of mutation {unknown}
 J - a potion of ambrosia {unknown}
 M - 2 potions of degeneration {unknown}


   Skills:
 + Level 6.4 Fighting
 + Level 5.9 Maces & Flails
 + Level 7.2 Polearms
 + Level 1.9 Throwing
 + Level 5.9 Dodging
 + Level 3.3 Stealth


You had 9 spell levels left.
You didn't know any spells.
Your spell library contained the following spells:

 Spells                   Type           Power      Damage    Failure   Level
 Animate Skeleton         Necr           0%         N/A       45%         1
 Pain                     Necr           0%         1d4       45%         1
 Call Canine Familiar     Summ           0%         N/A       83%         3
 Frozen Ramparts          Ice            0%         1d2       83%         3
 Portal Projectile        Hex/Tloc       0%         N/A       83%         3
 Vampiric Draining        Necr           0%         2d6       83%         3
 Ice Form                 Ice/Tmut       0%         N/A       99%         4
 Leda's Liquefaction      Hex/Erth       0%         N/A       99%         4
 Summon Ice Beast         Ice/Summ       0%         N/A       99%         4


Dungeon Overview and Level Annotations

Branches:
Dungeon (8/15)             Temple (1/1) D:5         Ossuary (visited)
   Lair: D:8-11

Altars:
Ashenzari
Cheibriados
Dithmenos
Elyvilon
Fedhas
Gozag
Kikubaaqudgha
Makhleb
Okawaru
Ru
Sif Muna
Trog
Uskayaw
Vehumet
Wu Jian
Zin


Innate Abilities, Weirdness & Mutations

You are too large for most types of armour.
You have claws for hands.
Your natural rate of healing is unusually fast.
You are covered in fur. (AC +1)
You have tough skin. (AC +1)


Message History

You bludgeon the water moccasin!!
The water moccasin is almost dead.
The water moccasin bites you!
You hit the water moccasin.
You kill the water moccasin!
You see here a wyvern corpse.
There is a stone staircase leading down, spattered with blood here.
You start resting.
HP restored.
You climb downwards.
The wyvern bites you!
The water moccasin bites you but does no damage.
The yak gores you but does no damage.
The water moccasin bites you but does no damage.
The wyvern closely misses you. The wyvern barely misses you.
The water moccasin closely misses you. The yak barely misses you.
The yak gores you! The water moccasin bites you! The wyvern misses you.
There is a stone staircase leading up, spattered with blood here.
The wyvern bites you. The water moccasin bites you.
You are poisoned.
The water moccasin poisons you! The wyvern bites you!
The water moccasin bites you but does no damage.
The yak gores you. The wyvern bites you! The yak gores you.
* * * LOW HITPOINT WARNING * * *
You climb upwards.
You feel very sick.
There is a stone staircase leading down, spattered with blood here.
You sock the wyvern! Lightning courses through the wyvern!
You kill the wyvern!
You feel sick. The wyvern bites you.
* * * LOW HITPOINT WARNING * * *
The water moccasin bites you but does no damage.
The yak closely misses you. The wyvern bites you.
* * * LOW HITPOINT WARNING * * *
You completely miss the water moccasin.
You feel sick. The water moccasin closely misses you. The wyvern bites you!
* * * LOW HITPOINT WARNING * * *
The yak gores you.
* * * LOW HITPOINT WARNING * * *
The water moccasin bites you.
You die...

#################.###.#####.#####
...............#................#
.[..##########.#.####.#########.#
....# #.#.# #.# #.. ....# #.#.#
#.# ###'' ....# #.#.# #.# ##....
....# #.#.# #.# ##.....
....##########.#S# #.# ##......
....#..........#@# #.####...♣♣♣♣
...............Yl# #..##...♣♣
...........####.Y# ####...♣♣
.####.##.#.......# #...♣♣ .#
#.##.######.#######...♣ .# #.##.#
#..........'...♣ ## #..#.#
#.#.#.####.'...♣ # ##.#>#
#<.###.....'...♣ # #.#.#
#...#.######...♣


You could see 2 yaks, a water moccasin and a wyvern.

Vanquished Creatures
  A two-headed ogre (D:5)
  Grinder (D:3)
  2 wyverns (D:7)
  A yak (D:8)
  The ghost of Icepheonix32 the Covered, an amateur DsFi (D:4)
  A steam dragon (D:7)
  2 water moccasins (D:7)
  An orc warrior (D:7)
  2 black bears
  A necrophage (D:6)
  2 sky beasts
  2 ice beasts
  2 centaurs (D:7)
  2 bullfrogs
  4 wyvern zombies
  3 scorpions
  3 water moccasin zombies
  A water moccasin skeleton (D:7)
  A howler monkey (D:7)
  A crimson imp (D:4)
  9 bullfrog zombies
  6 centaur zombies (Ossuary)
  3 orc priests
  A centaur skeleton (D:6)
  A gnoll shaman (D:6)
  2 hounds
  Jessica (D:2)
  4 iguanas
  Natasha (twice) (D:3)
  An orc wizard (D:3)
  4 killer bee zombies
  A hound zombie (D:5)
  16 mummies
  A hound skeleton (D:4)
  4 howler monkey zombies
  Robin (D:2)
  A howler monkey skeleton (D:6)
  8 adders
  5 gnolls (D:6)
  A shadow imp (D:6)
  A white imp (D:7)
  An ufetubus (D:5)
  An adder skeleton (D:4)
  A worm (D:5)
  2 dart slugs
  22 orcs
  6 endoplasms
  7 giant cockroaches
  18 goblins
  10 hobgoblins
  5 kobolds
  3 quokkas
  4 ball pythons
  5 bats
  3 frilled lizards
  2 hobgoblin zombies (D:5)
  A kobold zombie (D:5)
  An orc zombie (D:5)
  8 rats
207 creatures vanquished.

Vanquished Creatures (others)
  8 plants
  8 withered plants
16 creatures vanquished.

Grand Total: 223 creatures vanquished

Notes
Turn   | Place    | Note
-------+----------+-------------------------------------------
     0 | D:1      | issech the Troll Monk began the quest for the Orb.
     0 | D:1      | Reached XP level 1. HP: 22/22 MP: 0/0
   267 | D:1      | Reached XP level 2. HP: 27/29 MP: 1/1
   695 | D:2      | Noticed Robin
   712 | D:2      | Killed Robin
   713 | D:2      | Reached XP level 3. HP: 18/36 MP: 2/2
   943 | D:2      | Noticed Jessica
   949 | D:2      | Killed Jessica
   950 | D:2      | Reached XP level 4. HP: 40/45 MP: 3/3
  1065 | D:2      | Identified the +5 spear of the Glimmering Sybil {vorpal,
                  | rElec Str+4 Dex-3 Stlth+}
  1192 | D:2      | Found an iron altar of Okawaru.
  1434 | D:3      | Noticed Grinder
  1448 | D:3      | Killed Grinder
  1449 | D:3      | Reached skill level 1 in Polearms
  1449 | D:3      | Reached XP level 5. HP: 5/53 MP: 4/4
  1449 | D:3      | Reached XP level 6. HP: 6/61 MP: 5/5
  1465 | D:3      | HP: 2/61 [orc/+0 morningstar (10)]
  1700 | D:3      | Noticed Natasha
  1711 | D:3      | Killed Natasha
  1850 | D:3      | Reached skill level 1 in Throwing
  1964 | D:3      | Found a white marble altar of Elyvilon.
  1991 | D:3      | Noticed Natasha
  2009 | D:3      | Killed Natasha
  2179 | D:3      | Reached skill level 2 in Polearms
  2378 | D:4      | Found a runed translucent gate.
  2378 | D:4      | Found a runed translucent gate.
  2378 | D:4      | Found a runed translucent gate.
  2380 | D:4      | Found an opulent altar of Gozag.
  2382 | D:4      | Noticed Icepheonix32's ghost (amateur DsFi)
  2383 | D:4      | Noticed a sky beast
  2881 | D:4      | Found a burning altar of Makhleb.
  2881 | D:4      | Found a radiant altar of Vehumet.
  2908 | D:4      | Reached XP level 7. HP: 64/67 MP: 6/6
  3368 | D:4      | Reached skill level 3 in Polearms
  3378 | D:4      | Killed Icepheonix32's ghost
  3547 | D:5      | Entered Level 5 of the Dungeon
  3577 | D:4      | Reached XP level 8. HP: 25/78 MP: 7/7
  3897 | D:5      | Found a sand-covered staircase.
  3906 | Ossuary  | Entered an ossuary
  3978 | Ossuary  | Reached skill level 4 in Polearms
  4085 | Ossuary  | Reached skill level 5 in Fighting
  4184 | Ossuary  | Reached skill level 5 in Polearms
  4384 | Ossuary  | Reached XP level 9. HP: 88/88 MP: 8/8
  4792 | D:5      | Noticed a two-headed ogre
  4890 | D:5      | Killed a two-headed ogre
  4891 | D:5      | Reached skill level 6 in Polearms
  4891 | D:5      | Reached skill level 5 in Dodging
  5005 | D:5      | Found a staircase to the Ecumenical Temple.
  5015 | Temple   | Entered the Ecumenical Temple
  6095 | D:6      | Identified 2 scrolls of acquirement
  6098 | D:6      | Acquired the +10 morningstar "Eos" {elec, Halo rElec}
  6098 | D:6      | Found the +10 morningstar "Eos" {elec, Halo rElec}
  6102 | D:6      | Acquired 684 gold pieces
  6182 | D:6      | Reached skill level 7 in Polearms
  6396 | D:6      | Found a broken altar of Ashenzari.
  6691 | D:7      | Identified the +2 robe "Qoeruc" {MP+9 SInv}
  6697 | D:7      | Reached XP level 10. HP: 83/98 MP: 9/9
  6721 | D:7      | Found an opulent altar of Gozag.
  6782 | D:7      | Reached skill level 5 in Maces & Flails
  6867 | D:7      | Found a shimmering blue altar of Sif Muna.
  7122 | D:7      | Identified the +4 spear "Gram" {flame, Dex+4}
  7614 | D:7      | HP: 4/100 [wyvern (17)]
  7614 | D:7      | Slain by a water moccasin

Illustrated notes

Levels and vault maps discovered:
D:1:      dpeg_arrival_windows_large_door, layout_loops_ring
D:2:      layout_basic, basic_altar, uniq_jessica, uniq_robin
D:3:      layout_loops_cross, general_overflow_altar,
          chequers_serial_rivers_micro_e, uniq_grinder, uniq_natasha
D:4:      layout_gridville, grunt_temple_overflow_lords_of_destruction,
          ebering_ghost_gozag, minmay_diced_spiral
D:5:      layout_loops_ring, minmay_temple_entry_wispy,
          chequers_ossuary_entry_cave, serial_bayou_pond_b, minmay_mini_ossuary
D:6:      layout_loops_ring, mainiacjoe_overflow_concentric_impassable,
          serial_undead, serial_undead_b, serial_undead_d, serial_undead_e,
          serial_undead_f
D:7:      layout_loops_ring, lemuel_blue_sif_altar, grunt_gozag_statues,
          kennysheep_donut
D:8:      layout_loops_corners, lemuel_round_altar,
          nemelex_diamond_rough_becter, minmay_lair_entry_grove
Temple:   compressed_dpeg_triangle_lava_temple

Skill      XL: |  1  2  3  4  5  6  7  8  9 10 |
---------------+-------------------------------+-----
Maces & Flails | 3 4 5 |  5.9
Dodging        | 3 4 5 |  5.9
Fighting       | 3 4 5 6 |  6.4
Polearms       | 1 2 3 5 7 |  7.2
Throwing       | 1 |  1.9
Stealth        | 2 3 |  3.3

Action                   |  1- 3 |  4- 6 |  7- 9 | 10-12 || total
-------------------------+-------+-------+-------+-------++-------
Melee: Mace              |    97 |    17 |       |       ||   114
       Spear             |       |   126 |   402 |       ||   528
       Punch             |       |       |     3 |       ||     3
       Morningstar       |       |       |    49 |    36 ||    85
Throw: Boomerang         |       |    10 |     6 |       ||    16
       Stone             |       |     6 |     3 |     1 ||    10
       Large rock        |       |       |       |     4 ||     4
  Use: Scroll            |       |     3 |    13 |       ||    16
 Stab: Sleeping          |     1 |     9 |     4 |       ||    14
Armor: Robe              |    54 |       |       |    16 ||    70
       Animal skin       |     2 |    29 |    99 |       ||   130
Dodge: Dodged            |    96 |    58 |   236 |    34 ||   424
